 Dungeon Crawl Stone Soup version 0.26-a0-962-g9b92081034 (webtiles) character file.

Game seed: 3245733776352619931

23 Dracia the Grasshopper (level 2, -3/22 HPs)
             Began as a Demonspawn Warper on Dec 2, 2020.
             Slain by an adder (5 damage)
             ... on level 2 of the Dungeon.
             The game lasted 00:01:50 (1332 turns).

Dracia the Grasshopper (Demonspawn Warper)          Turns: 1332, Time: 00:01:50

Health: -3/22      AC:  3    Str: 11    XL:     2   Next: 72%
Magic:  5/5        EV: 11    Int: 14    God:
Gold:   53         SH:  0    Dex: 12    Spells: 5/5 levels left

rFire    . . .     SeeInvis .   (no weapon)
rCold    . . .     Faith    .   (no shield)
rNeg     . . .     Spirit   .   b - +0 leather armour
rPois    .         Reflect  .   (no helmet)
rElec    .         Harm     .   (no cloak)
rCorr    .         Rampage  .   (no gloves)
MR       .....                  (no boots)
Stlth    +.........             (no amulet)
HPRegen  0.07/turn              (no ring)
MPRegen  0.09/turn              (no ring)

@: brilliant, lethally poisoned (-3 -> -19), hasted, very quick
A: claws 1
a: no special abilities


You were on level 2 of the Dungeon.
You visited 1 branch of the dungeon, and saw 2 of its levels.

You collected 53 gold pieces.


Innate Abilities, Weirdness & Mutations

You have sharp fingernails.


   Skills:
 - Level 2.0 Fighting
 - Level 2.1(2.3) Polearms
 * Level 1.2(1.9) Staves
 - Level 0.8 Throwing
 - Level 0.8 Armour
 - Level 1.7 Dodging
 * Level 0.6 Unarmed Combat
 - Level 2.0 Spellcasting
 + Level 2.9 Translocations


You had 5 spell levels left.
You didn't know any spells.
Your spell library contained the following spells:

 Spells                   Type           Power        Failure   Level
 Blink                    Tloc           N/A          14%         2
 Gell's Gravitas          Tloc           ##........   28%         3
 Lesser Beckoning         Tloc           ##........   28%         3
 Teleport Other           Tloc           ##......     28%         3
 Passage of Golubria      Tloc           N/A          67%         4

Inventory:

Hand Weapons
 a - a +0 spear
Missiles
 e - 5 boomerangs of dispersal (quivered) {=f}
Armour
 b - a +0 leather armour (worn)
Scrolls
 d - a scroll of blinking
 f - a scroll of immolation {unknown}
 h - 2 scrolls of identify {unknown}
 i - 2 scrolls of remove curse {unknown}
 k - a scroll of enchant weapon {unknown}
 l - 2 scrolls of enchant armour {unknown}
 m - a scroll of teleportation {unknown}
Potions
 g - 2 potions of haste {@q3}

Dungeon Overview and Level Annotations

Branches:
Dungeon (2/15)

Altars:

########.# #..#
......##.# #..##
#####.##.# ...)
#.##.# #..# #.##.#
#..# # #.##.# #..#
#####.##<# #..#
.†.......########S.#
#####...........@..#
# ##############.#
.# .# .# .# .#


You could see an adder.


Message History

You bump into the rock wall.
You feel less invigorated.
You feel less confused.
Unknown command.
It was a potion of brilliance.
You feel clever all of a sudden.
You feel sick. The adder misses you.
You scratch the adder but do no damage. The adder bites you.
You are lethally poisoned!
The adder poisons you!
You closely miss the adder.
You feel sick. The adder bites you.
You scratch the adder but do no damage.
* * * LOW HITPOINT WARNING * * *
You feel sick. The adder bites you.
* * * LOW HITPOINT WARNING * * *
Unknown command.
You miss the adder.
* * * LOW HITPOINT WARNING * * *
You feel sick. The adder bites you.
* * * LOW HITPOINT WARNING * * *
You scratch the adder.
The adder is moderately wounded.
The adder bites you.
* * * LOW HITPOINT WARNING * * *
You are more poisoned.
The adder poisons you!
You scratch the adder.
The adder is almost dead.
* * * LOW HITPOINT WARNING * * *
You feel sick. The adder bites you.
You die...

Skill      XL: |  1  2 |
---------------+-------+-----
Polearms       | 2 |  2.1
Staves         | 1 |  1.2
Fighting       | |  2.0
Throwing       | |  0.8
Armour         | |  0.8
Dodging        | |  1.7
Unarmed Combat | |  0.6
Spellcasting   | |  2.0
Translocations | |  2.9

Action                   || total
-------------------------++-------
Melee: Spear             ||    20
       Unarmed           ||    77
  Use: Potion            ||     3
Armor: Leather armour    ||    26
Dodge: Dodged            ||    44

Levels and vault maps discovered:
D:1:      lightli_arrival_isolated_outpost, layout_basic,
          minmay_misc_feat_doors, serial_bayou_pond_a,
          chequers_serial_rivers_micro_a, nrook_uturn
D:2:      layout_loops_ring, kennysheep_generic_room_15

Notes
Turn   | Place    | Note
-------+----------+-------------------------------------------
     0 | D:1      | Dracia the Demonspawn Warper began the quest for the Orb.
     0 | D:1      | Reached XP level 1. HP: 16/16 MP: 3/3
    87 | D:1      | Reached skill level 2 in Polearms
    96 | D:1      | Gained mutation: You have sharp fingernails. [demonic
                  | ancestry]
    96 | D:1      | Reached XP level 2. HP: 20/22 MP: 5/5
   515 | D:1      | Reached skill level 1 in Staves
  1332 | D:2      | HP: 2/22 [poisoned by an adder]
  1332 | D:2      | Slain by an adder

Vanquished Creatures
  2 dart slugs (D:1)
  3 bats
  2 giant cockroaches (D:1)
  A hobgoblin (D:1)
  5 frilled lizards
  4 goblins (D:1)
  A kobold (D:1)
  2 rats (D:1)
20 creatures vanquished.

Vanquished Creatures (others)
  A plant (D:1)
1 creature vanquished.

Grand Total: 21 creatures vanquished

Table legend: (Time is in decaauts)
 A = Elapsed time spent in this place.
 B = Non-inter-level travel time spent in this place.
 C = Inter-level travel time spent in this place.
 D = Time resting spent in this place.
 E = Time spent auto-exploring this place.
 F = Levels seen in this place.
 G = Mean time per level.
                   A        B        C        D        E       F      G
               +--------+--------+--------+--------+--------+-----+--------+
         Total |   1334 |   1296 |     38 |    191 |    923 |   2 |  667.0 |
       Dungeon |   1334 |   1296 |     38 |    191 |    923 |   2 |  667.0 |
               +--------+--------+--------+--------+--------+-----+--------+

Top non-repeatable levels by time:
     D:1: 1259 daAuts
     D:2: 75 daAuts

Table legend:
 A = Non-vault XP
 B = Vault XP
 C = Vault XP percentage of total XP
 D = Non-vault monster count
 E = Vault monster count
 F = Vault count percentage of total count
                 A         B        C        D         E       F
            +---------+---------+-------+---------+---------+-------
      Total |      33 |       0 |   0.0 |      20 |       0 |   0.0
            +---------+---------+-------+---------+---------+-------
        D:1 |      31 |       0 |   0.0 |      18 |       0 |   0.0
        D:2 |       2 |       0 |   0.0 |       2 |       0 |   0.0
            +---------+---------+-------+---------+---------+-------
